 Dungeon Crawl Stone Soup version 0.20-a0-1023-gc4d110f (webtiles) character file.

9 AlphabetPasta the Charmwright (level 2, 0/24 HPs)
             Began as a Gnoll Skald on Apr 18, 2017.
             Slain by a goblin
             ... wielding a +0 club
              (5 damage)
             ... on level 1 of the Dungeon.
             The game lasted 00:01:50 (182 turns).

AlphabetPasta the Charmwright (Gnoll Skald)          Turns: 182, Time: 00:01:50

Health: 0/24       AC:  4    Str: 10    XL:     2   Next: 16%
Magic:  4/6        EV: 12    Int: 13    God:
Gold:   23         SH:  0    Dex: 13    Spells: 2/7 levels left

rFire    . . .     SeeInvis .   a - +0 falchion
rCold    . . .     Gourm    .   (no shield)
rNeg     . . .     Faith    .   b - +0 leather armour
rPois    .         Spirit   .   (no helmet)
rElec    .         Reflect  .   h - +0 cloak
rCorr    .         Harm     .   (no gloves)
MR       .....                  (no boots)
Stlth    +.........             (no amulet)
Regen    0.1/turn               (no ring)
MPRegen  0.1/turn               (no ring)

@: infused
A: short attention span, fangs 1, strong nose
a: no special abilities


You were on level 1 of the Dungeon.
You were not hungry.

You visited 1 branch of the dungeon, and saw 1 of its levels.

You collected 23 gold pieces.

Inventory:

Hand Weapons
 a - a +0 falchion (weapon)
Armour
 b - a +0 leather armour (worn)
 h - a +0 cloak (worn)
Scrolls
 e - a scroll of enchant armour {unknown}
Potions
 g - a potion of lignification {unknown}
Books
 c - a book of Battle

   Spells                             Type                      Level
   a - Infusion                       Charms                       1
   b - Shroud of Golubria             Charms/Translocation         2
   c - Song of Slaying                Charms                       2
   d - Spectral Weapon                Hexes/Charms                 3
   e - Regeneration                   Charms/Necromancy            3
Comestibles
 d - 2 bread rations
 f - 3 chunks of flesh


   Skills:
 + Level 3.2 Fighting
 * Level 3.3 Long Blades
 + Level 0.4 Throwing
 + Level 1.7 Armour
 + Level 3.2 Dodging
 + Level 3.4 Spellcasting
 * Level 4.4 Charms


You had 2 spell levels left.
You knew the following spells:

 Your Spells              Type           Power        Failure   Level  Hunger
a - Infusion              Chrm           ##..         4%          1    #......
b - Song of Slaying       Chrm           ##......     7%          2    ##.....
c - Shroud of Golubria    Chrm/Tloc      #.........   17%         2    ##.....


Dungeon Overview and Level Annotations

Branches:
Dungeon (1/15)

Altars:


Innate Abilities, Weirdness & Mutations

You have a short attention span.
You have very sharp teeth.
Your uncanny sense of smell can sniff out nearby items.


Message History

You extend your infusion's duration.
You hit the hobgoblin.
The hobgoblin is severely wounded.
The hobgoblin barely misses you. The goblin hits you with a club.
You closely miss the hobgoblin.
You bite the hobgoblin, but do no damage.
The hobgoblin is heavily wounded.
The hobgoblin closely misses you. The goblin barely misses you.
You riposte.
You closely miss the goblin. You barely miss the hobgoblin.
The hobgoblin is heavily wounded.
The hobgoblin hits you with a club.
* * * LOW HITPOINT WARNING * * *
The goblin hits you with a club.
* * * LOW HITPOINT WARNING * * *
Unknown command.
You barely miss the hobgoblin.
The hobgoblin is heavily wounded.
The hobgoblin barely misses you. The goblin hits you with a club.
You die...

..... #.........#
#.........# #.........# .g
#.........#### ...#
#####....#.#.....#♣
.....#........#........♣
.....#.......#.....)...♣
......g@..###..........♣
###
......g.......#.........
..#
......>.................
...
.......$.....##.........
#.#
.............##....)....
#.#
.............##.........
#.##
.............P.####.#....†
#..####.#......#...P♣P.#
#.).....
..#..##........##...♣..#
##.)....


You could see a hobgoblin and a goblin.

Vanquished Creatures
  2 goblins (D:1)
  A hobgoblin (D:1)
  4 kobolds (D:1)
  A bat (D:1)
  A rat (D:1)
9 creatures vanquished.

Notes
Turn   | Place    | Note
-------+----------+-------------------------------------------
     0 | D:1      | AlphabetPasta the Gnoll Skald began the quest for the Orb.
     0 | D:1      | Reached XP level 1. HP: 18/18 MP: 4/4
     0 | D:1      | Upgraded the game from 0.20-a0-1017-gc3250ce to 0.20-a0-1023-gc4d110f
   107 | D:1      | Reached XP level 2. HP: 15/24 MP: 3/6
   117 | D:1      | Learned a level 2 spell: Song of Slaying
   120 | D:1      | Learned a level 2 spell: Shroud of Golubria
   182 | D:1      | Slain by a goblin

Vault maps used:
D:1:      dpeg_arrival_round_a, serial_forest, infiniplex_forest_clump_long,
          infiniplex_forest_clump_small, infiniplex_forest_lined_2,
          infiniplex_forest_clump_medium, infiniplex_forest_straight_3,
          infiniplex_forest_clump_diagonal, infiniplex_forest_join,
          infiniplex_forest_split

Action                   || total
-------------------------++-------
Melee: Falchion          ||    28
       Bite              ||     4
 Cast: Infusion          ||     4
Armor: Leather armour    ||     6
Dodge: Dodged            ||    20
       Rpst.: Falchion   ||     7
